 Dungeon Crawl Stone Soup version 0.18-a0-1737-gd6c99dd (webtiles) character file.

4608 Kpin the Cruncher (level 10, -4/114 HPs)
             Began as a Demonspawn Gladiator on Apr 11, 2016.
             Was a Priest of Pakellas.
             Slain by a deep troll (10 damage)
             ... on level 8 of the Dungeon.
             The game lasted 00:18:56 (10160 turns).

Kpin the Cruncher (Demonspawn Gladiator)           Turns: 10160, Time: 00:18:58

Health: -4/114     AC: 25    Str: 20    XL:     10   Next: 19%
Magic:  0/14       EV:  2    Int: 13    God:    Pakellas [***...]
Gold:   109        SH:  0    Dex: 16    Spells: 0 memorised, 9 levels left

rFire  . . .     SeeInvis .     a - +0 quarterstaff
rCold  . . .     Gourm    .     (armour currently unavailable)
rNeg   + + +     Faith    .     (shield currently unavailable)
rPois  +         Spirit   +     (helmet currently unavailable)
rElec  .         Dismiss  .     (cloak currently unavailable)
rCorr  .         Reflect  .     (gloves currently unavailable)
SustAt .         Harm     .     (boots currently unavailable)
MR     .....     NoTele   +     (no amulet)
Stlth  +.........               L - +4 ring of intelligence
                                o - +3 ring of strength

@: tree-form, not resistant to hostile enchantments, very unstealthy
A: (hooves 0), (icy blue scales 0), magic shield
a: Quick Charge, Device Surge, Renounce Religion


You were on level 8 of the Dungeon.
You worshipped Pakellas.
Pakellas was most pleased with you.
You were not hungry.
You were a tree.
You visited 2 branches of the dungeon, and saw 9 of its levels.
You also visited: Sewer.

You collected 410 gold pieces.
You spent 301 gold pieces at shops.

Inventory:

Hand Weapons
 a - a +0 quarterstaff (weapon)
 N - a +0 shortbow
Armour
 b - a +0 chain mail
 c - a +0 helmet (melded)
 d - a +0 pair of gloves
 B - a +0 cloak (melded)
 H - a +0 buckler
 J - a +2 ring mail of positive energy (melded)
 S - a +2 pair of gloves of strength (melded)
 W - a +0 cloak
Jewellery
 o - a +3 ring of strength (left branch)
 L - a +4 ring of intelligence (right branch)
Wands
 l - a wand of acid (0/15)
 D - a wand of flame (0/48)
 I - a wand of lightning (0/15)
 M - a wand of random effects (19/48)
 Y - a wand of digging (12/24)
Scrolls
 e - a scroll of fear
 i - 3 scrolls of teleportation
 k - a scroll of recharging {unknown}
 n - a scroll of remove curse
 p - 3 scrolls of immolation
 q - 2 scrolls of amnesia {unknown}
 r - 4 scrolls of identify
 w - a scroll of magic mapping
 x - 3 scrolls of enchant weapon
 y - 2 scrolls of random uselessness {unknown}
 A - a scroll of vulnerability {unknown}
 E - a scroll of blinking {unknown}
 F - a scroll of noise {unknown}
 K - a scroll of fog {unknown}
 T - a scroll of acquirement {unknown}
Potions
 h - a potion of curing
 m - a potion of haste {unknown}
 t - a potion of cancellation {unknown}
 u - 2 potions of might {unknown}
 v - 2 potions of flight {unknown}
 z - 2 potions of agility {unknown}
 O - a potion of cure mutation {unknown}
 U - a potion of brilliance {unknown}
Books
 R - a book of the Dragon

   Spells                             Type                      Level
   a - Flame Tongue                   Conjuration/Fire             1
   b - Cause Fear                     Hexes                        4
   c - Bolt of Fire                   Conjuration/Fire             6
   d - Dragon Form                    Transmutation                7
   e - Dragon's Call                  Summoning                    9
 V - a book of Enchantments

   Spells                             Type                      Level
   a - Cause Fear                     Hexes                        4
   b - Yara's Violent Unravelling     Hexes/Transmutation          5
   c - Silence                        Hexes/Air                    5
   d - Deflect Missiles               Charms/Air                   6
   e - Haste                          Charms                       6
   f - Discord                        Hexes                        8
Miscellaneous
 C - a plain deck of wonders {drawn: 1}
Comestibles
 f - 8 bread rations
 g - 3 fruits
 j - a beef jerky
 s - a meat ration
 G - a slice of pizza
 Q - 2 chunks of flesh


   Skills:
 + Level 5.9 Fighting
 * Level 9.2 Staves
 - Level 2.0 Throwing
 + Level 5.1 Armour
 + Level 6.1 Dodging
 * Level 5.5 Evocations


You had 9 spell levels left.
You didn't know any spells.

Dungeon Overview and Level Annotations

Branches:
Dungeon (8/15)             Temple (1/1) D:4
   Lair: D:8-11

Altars:
Cheibriados
Gozag
Kikubaaqudgha
Makhleb
Okawaru
Pakellas
Ru
Sif Muna
Trog
Yredelemnul
The Shining One

Shops:
D:4 *   D:7 [


Innate Abilities, Weirdness & Mutations

((You have hoof-like feet.))
((You are mostly covered in icy blue scales (AC +3, EV -1).))
When hurt, damage is shared between your health and your magic reserves.


Message History

You sock the deep troll!
The deep troll is severely wounded.
The deep troll bites you but does no damage.
The deep troll claws you.
* * * LOW HITPOINT WARNING * * *
The deep troll claws you but does no damage.
You hit the deep troll but do no damage.
The deep troll is severely wounded.
The deep troll bites you.
* * * LOW HITPOINT WARNING * * *
The deep troll claws you but does no damage. x2
You closely miss the deep troll.
The deep troll is severely wounded.
The deep troll bites you.
* * * LOW HITPOINT WARNING * * *
The deep troll claws you.
* * * LOW HITPOINT WARNING * * *
The deep troll claws you!
You die...
Pakellas says: Time to find a new assistant...

#...........# #.#########.#
#.# #.# ### #.#### #.# ...
#....# #.# ####[## ###.##.##
#.# ....... .........# #.#
......)########..## #.# <#
########...T♣..#...# #.# #.#
#.......######.#..)## #.# #.#
#.######.....#.#....###.###.#
#.....####.#.#..#..........
#.#### #.#.#..#######...#
#.#.#............#
#.#.#..#######.... #.#.#.#.#
##..# #.#.#.#.## #.#.


You could see a deep troll.

Vanquished Creatures
  Maurice (D:8)
  Joseph (D:7)
  The ghost of Mulkerokala the Chopper, a novice DsFi (D:4)
  Sigmund (D:6)
  2 hippogriffs
  The ghost of Mandevil the Vexing, an amateur FoAM (D:3)
  A water moccasin (D:8)
  An orc warrior (D:5)
  An ice beast (D:5)
  2 sky beasts
  5 ogres
  A crocodile (D:8)
  4 centaurs
  A giant frog (D:6)
  3 scorpions
  5 killer bees (D:7)
  2 howler monkeys
  A quasit (D:6)
  A jelly (D:8)
  7 hounds
  A giant frog skeleton (D:7)
  3 orc priests
  4 iguanas
  Terence (D:3)
  5 orc wizards
  5 worker ants
  A hound skeleton (D:4)
  A worker ant zombie (D:5)
  6 gnolls (D:4)
  17 adders
  A river rat (D:3)
  A shadow imp (D:6)
  13 oozes
  2 adder skeletons
  4 adder zombies
  6 dart slugs
  2 worms (D:3)
  10 giant geckos
  27 orcs
  19 giant cockroaches
  10 goblins
  4 hobgoblins
  5 jackals
  4 quokkas
  9 ball pythons
  8 bats
  17 giant newts
  4 kobolds
  13 rats
  A butterfly (D:4)
246 creatures vanquished.

Notes
Turn   | Place    | Note
--------------------------------------------------------------
     0 | D:1      | Kpin the Demonspawn Gladiator began the quest for the Orb.
     0 | D:1      | Reached XP level 1. HP: 16/16 MP: 1/1
   172 | D:1      | Gained mutation: You are partially covered in icy blue scales (AC +1). [demonic ancestry]
   172 | D:1      | Reached XP level 2. HP: 16/22 MP: 2/2
   311 | D:1      | Reached skill level 3 in Staves
   634 | D:2      | Gained mutation: You have large cloven feet. [demonic ancestry]
   634 | D:2      | Reached XP level 3. HP: 18/28 MP: 3/3
  1126 | D:2      | Found a deep blue altar of Sif Muna.
  1337 | D:3      | Found a glowing drain.
  1345 | D:3      | Reached XP level 4. HP: 18/34 MP: 4/4
  1357 | D:3      | Reached skill level 1 in Armour
  1378 | Sewer    | Entered a sewer
  1757 | Sewer    | Reached XP level 5. HP: 26/40 MP: 5/5
  2193 | Sewer    | Reached skill level 4 in Staves
  2377 | D:3      | Noticed Terence
  2394 | D:3      | Killed Terence
  2683 | D:3      | Gained mutation: When hurt, damage is shared between your health and your magic reserves. [demonic ancestry]
  2683 | D:3      | Reached XP level 6. HP: 36/47 MP: 6/6
  2755 | D:3      | Noticed Mandevil's ghost (amateur FoAM)
  3175 | D:3      | Killed Mandevil's ghost
  3181 | D:3      | Reached skill level 1 in Evocations
  3331 | D:3      | Gained mutation: You are mostly covered in icy blue scales (AC +3, EV -1). [demonic ancestry]
  3331 | D:3      | Reached XP level 7. HP: 51/52 MP: 5/7
  3538 | D:4      | Noticed Mulkerokala's ghost (novice DsFi)
  3546 | D:4      | Drew Focus: Str increased to 17, Int decreased to 8
  3581 | D:4      | Killed Mulkerokala's ghost
  3581 | D:4      | Reached skill level 5 in Staves
  4140 | D:4      | Reached skill level 5 in Dodging
  4438 | D:4      | Gained mutation: You have hoof-like feet. [demonic ancestry]
  4438 | D:4      | Reached XP level 8. HP: 41/60 MP: 6/9
  4653 | D:4      | Found a staircase to the Ecumenical Temple.
  4738 | Temple   | Entered the Ecumenical Temple
  4745 | Temple   | Became a worshipper of Pakellas the Inventive
  4865 | D:4      | Found Lakhunis's Assorted Antiques.
  4996 | D:5      | Entered Level 5 of the Dungeon
  5010 | D:5      | Reached skill level 6 in Staves
  5570 | D:5      | Reached * piety under Pakellas
  6139 | D:5      | Reached skill level 7 in Staves
  6147 | D:5      | HP: 3/61 [ogre/giant club (17)]
  6928 | D:6      | Noticed Sigmund
  6948 | D:6      | Reached XP level 9. HP: 56/67 MP: 0/11
  6976 | D:6      | Killed Sigmund
  6976 | D:6      | Reached skill level 5 in Fighting
  7534 | D:6      | Reached ** piety under Pakellas
  7534 | D:6      | Received a gift from Pakellas
  7699 | D:7      | Reached skill level 8 in Staves
  8418 | D:7      | Noticed Joseph
  8449 | D:7      | Killed Joseph
  8544 | D:7      | Found Quirph Qikh's Armour Shoppe.
  8552 | D:7      | Bought a +2 pair of gloves of strength for 301 gold pieces
  8619 | D:7      | Found an iron altar of Okawaru.
  8731 | D:7      | Reached skill level 5 in Evocations
  9593 | D:8      | Noticed Maurice
  9612 | D:8      | Killed Maurice
  9612 | D:8      | Reached skill level 9 in Staves
  9612 | D:8      | Reached XP level 10. HP: 71/76 MP: 7/13
  9653 | D:8      | Reached *** piety under Pakellas
  9662 | D:8      | Reached skill level 5 in Armour
 10134 | D:8      | Noticed a hill giant
 10138 | D:8      | Noticed a deep troll
 10138 | D:8      | a hill giant changed into a deep troll
 10160 | D:8      | Slain by a deep troll

Vault maps used:
D:1:      dpeg_arrival_short_road
D:2:      overflow_temple_1_default, minmay_lizard_king
D:3:      portal_sewer_entry_b, amalloy_card_club, uniq_terence
D:4:      minmay_temple_entry_butterflies, serial_shops, shop
D:5:      first_bread
D:6:      uniq_sigmund
D:7:      lemuel_doored_altar, serial_shops, kennysheep_mini_moat,
          hangedman_glass_teeth, uniq_joseph
D:8:      minmay_distorted_concentric_squares, uniq_maurice
Temple:   nicolae_temple_no_exploring_needed
Sewer:    sewer_frog_island_02

Skill      XL: |  1  2  3  4  5  6  7  8  9 10 |
---------------+-------------------------------+-----
Dodging        | 3 4 5 6 |  6.1
Throwing       | 2 |  2.0
Staves         | 3 4 5 7 9 |  9.2
Armour         | 1 2 3 4 5 |  5.1
Fighting       | 3 4 5 |  5.9
Evocations     | 1 2 3 5 |  5.5

Action                   |  1- 3 |  4- 6 |  7- 9 | 10-12 || total
-------------------------+-------+-------+-------+-------++-------
Melee: Quarterstaff      |    97 |   337 |   589 |    98 ||  1121
Throw: Throwing net      |       |     2 |     4 |       ||     6
Invok: Quick Charge      |       |       |       |     1 ||     1
Evoke: Wand              |       |       |    14 |    10 ||    24
       Deck              |       |       |     1 |       ||     1
  Use: Potion            |       |     3 |     3 |     2 ||     8
       Scroll            |       |       |     7 |       ||     7
 Stab: Held in net/web   |       |       |     1 |       ||     1
  Eat: Chunk             |     1 |     8 |    15 |     3 ||    27
       Bread ration      |       |       |     1 |       ||     1
